 Dungeon Crawl Stone Soup version 0.30.1-11-g7821555f0a (webtiles) character file.

Game seed: 1566582765539990702

1466 Gumption the Spear-Bearer (level 8, -4/71 HPs)
             Began as a Hill Orc Monk on Nov 10, 2023.
             Slain by a yak (12 damage)
             ... on level 6 of the Dungeon.
             The game lasted 00:38:31 (5776 turns).

Gumption the Spear-Bearer (Hill Orc Monk)           Turns: 5776, Time: 00:38:31

Health: -4/71      AC: 12    Str: 16    XL:     8   Next: 77%
Magic:  8/8        EV: 10    Int: 10    God:
Gold:   245        SH:  0    Dex: 13    Spells: 7/7 levels left

rFire   . . .        a - +0 spear (venom)
rCold   . . .        d - orb {light}
rNeg    . . .        v - +0 scale mail
rPois   .            (no helmet)
rElec   .            g - +2 cloak
rCorr   +            (no gloves)
SInv    .            A - +0 pair of boots
Will    +....        (no amulet) Stlth
                     k - ring of resist corrosion
HPRegen 0.31/turn    L - ring of willpower
MPRegen 0.11/turn

%: no passive effects
@: glowing
A: no striking features
a: no special abilities


You were on level 6 of the Dungeon.
You visited 2 branches of the dungeon, and saw 7 of its levels.

You collected 245 gold pieces.

Inventory:

Hand Weapons
 a - a +0 spear of venom (weapon)
 r - a +0 mace
 B - a +1 whip of flaming
 C - a +0 trident
Missiles
 h - 8 poisoned darts (quivered)
 q - 4 datura-tipped darts
 F - 2 throwing nets
Armour
 d - an orb of light (worn)
 g - a +2 cloak (worn)
 v - a +0 scale mail (worn)
 A - a +0 pair of boots (worn)
Magical Staves
 H - a staff of cold
Jewellery
 j - a ring of ice
 k - a ring of resist corrosion (left hand)
 o - a ring of ice
 K - a ring of flight
 L - a ring of willpower (right hand)
Wands
 E - a wand of roots (5)
 J - a wand of charming (5)
Scrolls
 l - a scroll of brand weapon
 m - a scroll of teleportation
 t - a scroll of fog {unknown}
 u - a scroll of noise {unknown}
 w - a scroll of enchant weapon {unknown}
 y - a scroll of vulnerability {unknown}
 z - 2 scrolls of identify {unknown}
 I - a scroll of fear {unknown}
Potions
 b - 2 potions of mutation {unknown}
 c - a potion of ambrosia
 e - 2 potions of curing {unknown}
 f - a potion of lignification {unknown}
 i - 2 potions of resistance {unknown}
 n - 2 potions of might {unknown}
 p - a potion of attraction {unknown}
 s - 2 potions of heal wounds {unknown}
 x - a potion of cancellation {unknown}
 D - 2 potions of haste
 G - a potion of flight {unknown}


   Skills:
 + Level 6.7 Fighting
 * Level 8.1 Polearms
 * Level 7.1 Armour
 - Level 2.4 Dodging


You had 7 spell levels left.
You didn't know any spells.
Your spell library contained the following spells:

 Spells                   Type           Power      Damage    Failure   Level
 Kiss of Death            Conj/Necr      0%         2d5       75%         1
 Poisonous Vapours        Pois/Air       0%         N/A       87%         2
 Confusing Touch          Hex            0%         N/A       98%         3
 Dazzling Flash           Conj/Hex       0%         N/A       98%         3
 Mephitic Cloud           Conj/Pois/Air  0%         N/A       98%         3
 Dispel Undead            Necr           0%         3d6       100%        4
 Agony                    Necr           0%         N/A       100%        5
 Freezing Cloud           Conj/Ice/Air   0%         6-21      100%        5
 Silence                  Hex/Air        0%         N/A       100%        5


Dungeon Overview and Level Annotations

Branches:
Dungeon (6/15)             Temple (1/1) D:5

Altars:
Fedhas
Gozag
Hepliaklqana
Kikubaaqudgha
Makhleb
Trog
Uskayaw
Xom
Yredelemnul
Zin


Message History

You hit the yak.
The yak is moderately wounded.
The yak closely misses you.
You hit the yak but do no damage.
The yak looks as sick as possible!
The yak is heavily wounded.
You hit the yak.
The yak looks as sick as possible!
The yak is heavily wounded.
The yak gores you but does no damage.
You hit the yak.
The yak looks as sick as possible!
The yak is severely wounded.
The yak gores you.
* * * LOW HITPOINT WARNING * * *
You puncture the yak!
You kill the yak!
Your Polearms skill increases to level 8!
Your Armour skill increases to level 7!
You hit the yak.
The yak is lightly wounded.
You hit the yak but do no damage.
The yak is lightly wounded.
The yak gores you.
* * * LOW HITPOINT WARNING * * *
You hit the yak but do no damage.
The yak is poisoned.
The yak closely misses you.
You hit the yak.
The yak looks as sick as possible!
The yak is lightly wounded.
You hit the yak but do no damage.
The yak looks as sick as possible!
The yak is moderately wounded.
The yak gores you.
* * * LOW HITPOINT WARNING * * *
You barely miss the yak.
The yak is moderately wounded.
The yak gores you!
* * * LOW HITPOINT WARNING * * *
You hit the yak but do no damage.
The yak looks as sick as possible!
The yak is moderately wounded.
You puncture the yak!
The yak is heavily wounded.
The yak gores you!
You die...

#.#.##..)..........#
..#######.
###.#....########.##.#..####
#.
#...........................
##
########.#########.#.#..###.
# #.###### #.#.#..# #
#......# #.#.# .#
######.####.#.# ..
#......#.#.# .. #.#.##@#.#.#
... Y####.#.##Y#.#.#
...Y..Y!...#.#.# .
.####.#.####.#.# .>.
#..........#....
###.#...........
#.+......#.... ###(.....#
#.. ###....# #


You could see a yak (extremely poisoned).

Vanquished Creatures
  A steam dragon (D:6)
  3 yaks (D:6)
  3 black bears
  An ogre (D:5)
  A phantom (D:5)
  2 scorpions
  3 hounds
  An orc wizard (D:5)
  Ijyb (D:4)
  A hound skeleton (D:2)
  4 gnolls (D:4)
  6 adders
  A white imp (D:5)
  An adder zombie (D:2)
  A worm (D:2)
  3 dart slugs
  13 orcs
  4 bats
  8 endoplasms
  6 giant cockroaches
  12 goblins
  15 hobgoblins
  2 jackals (D:1)
  A quokka (D:4)
  13 ball pythons
  2 ball python skeletons (D:2)
  A ball python zombie (D:2)
  A frilled lizard (D:1)
  4 kobolds
  A quokka skeleton (D:2)
  3 rats
119 creatures vanquished.

Vanquished Creatures (others)
  A goblin (D:2)
1 creature vanquished.

Grand Total: 120 creatures vanquished

Notes
Turn   | Place    | Note
-------+----------+-------------------------------------------
     0 | D:1      | Gumption the Hill Orc Monk began the quest for the Orb.
     0 | D:1      | Reached XP level 1. HP: 19/19 MP: 1/1
   197 | D:1      | Reached skill level 1 in Armour
   197 | D:1      | Reached XP level 2. HP: 27/27 MP: 2/2
   887 | D:2      | Reached XP level 3. HP: 27/33 MP: 3/3
  1117 | D:2      | Reached skill level 4 in Polearms
  1481 | D:3      | Reached XP level 4. HP: 33/40 MP: 4/4
  2649 | D:4      | Reached XP level 5. HP: 47/47 MP: 5/5
  2725 | D:4      | Noticed Ijyb
  2740 | D:4      | Killed Ijyb
  2780 | D:4      | Reached skill level 5 in Polearms
  2988 | D:4      | Reached XP level 6. HP: 42/53 MP: 6/6
  3514 | D:5      | Entered Level 5 of the Dungeon
  3627 | D:5      | Found a staircase to the Ecumenical Temple.
  3921 | D:5      | Reached skill level 5 in Fighting
  4043 | D:5      | Found a shimmering altar of Xom.
  4166 | D:5      | Noticed a black bear
  4174 | D:5      | Killed a black bear
  4175 | D:5      | Reached XP level 7. HP: 48/61 MP: 7/7
  4331 | Temple   | Entered the Ecumenical Temple
  4592 | D:5      | Reached skill level 6 in Polearms
  4631 | D:5      | Reached skill level 5 in Armour
  4675 | D:5      | Found a basalt altar of Yredelemnul.
  5567 | D:6      | Found a hazy altar of Hepliaklqana.
  5567 | D:6      | Noticed a steam dragon
  5577 | D:6      | Killed a steam dragon
  5578 | D:6      | Reached skill level 7 in Polearms
  5578 | D:6      | Reached XP level 8. HP: 64/70 MP: 8/8
  5724 | D:6      | Noticed a yak
  5724 | D:6      | Noticed a yak
  5724 | D:6      | Noticed a yak
  5750 | D:6      | Killed a yak
  5751 | D:6      | Noticed a yak
  5759 | D:6      | Killed a yak
  5768 | D:6      | Killed a yak
  5769 | D:6      | Reached skill level 8 in Polearms
  5776 | D:6      | Slain by a yak

Illustrated notes

Levels and vault maps discovered:
D:1:      dpeg_arrival_simpleton_c, layout_loops_ring, wad_floor_pattern_1,
          minmay_statues_item, minmay_misc_feat_hallway
D:2:      layout_loops_ring, serial_undead, serial_undead_f, serial_undead_a,
          serial_undead_c, serial_undead_f
D:3:      layout_basic
D:4:      corexii_shantytown, layout_loops_ring, st_stairs_4, fountainhead,
          uniq_ijyb
D:5:      layout_loops_corners, mainiacjoe_overflow_catch_the_wave,
          temple_pool_b, serial_co_window_serial, co_window_of_opportunity_a,
          co_window_paths_a, co_window_of_opportunity_a, co_window_paths_a,
          co_window_corner_a, co_window_corner_a, co_window_paths_b,
          co_window_2corner, co_window_broadway_a, co_window_corner_b,
          co_window_2corner, co_window_corner_cb, co_window_of_opportunity_b,
          glass_columns_a, glass_columns_c, glass_columns_a, glass_columns_a,
          glass_columns_a
D:6:      layout_basic, lemuel_round_altar, minmay_misc_feat_more_columns,
          item_on_display_a
Temple:   hellmonk_temple_beads

Skill      XL: |  1  2  3  4  5  6  7  8 |
---------------+-------------------------+-----
Armour         | 1 2 3 4 6 7 |  7.1
Fighting       | 4 5 6 |  6.7
Polearms       | 4 5 7 8 |  8.1
Dodging        | |  2.4

Action                     |  1- 3 |  4- 6 |  7- 9 || total
---------------------------+-------+-------+-------++-------
  Melee: Spear             |   130 |   198 |   144 ||   472
  Throw: Dart              |     2 |     1 |       ||     3
  Evoke: Wand              |       |       |     1 ||     1
    Use: Scroll            |       |     4 |       ||     4
 Armour: Leather armour    |    11 |       |       ||    11
         Ring mail         |    29 |     8 |       ||    37
         Scale mail        |       |    76 |    51 ||   127
  Dodge: Dodged            |    54 |    79 |    44 ||   177
